 Dungeon Crawl Stone Soup version 0.25-a0-36-g303dd5b1f4 (webtiles) character file.

Game seed: 5051990376556045132, levelgen mode: deterministic

85 Johnny the Digger (level 4, 0/35 HPs)
             Began as a Demigod Earth Elementalist on Oct 20, 2019.
             Slain by an orc
             ... wielding a +0 mace
              (6 damage)
             ... on level 3 of the Dungeon.
             The game lasted 00:01:35 (1884 turns).

Johnny the Digger (Demigod Earth Elementalist)      Turns: 1884, Time: 00:01:36

Health: 0/35       AC:  2    Str: 11    XL:     4   Next: 5%
Magic:  3/3        EV: 13    Int: 21    God:
Gold:   113        SH:  0    Dex: 16    Spells: 6/7 levels left

rFire    . . .     SeeInvis .   n - +1 rapier (antimagic)
rCold    . . .     Gourm    .   (no shield)
rNeg     . . .     Faith    .   c - +0 robe
rPois    .         Spirit   .   (no helmet)
rElec    .         Reflect  .   (no cloak)
rCorr    .         Harm     .   (no gloves)
MR       .....                  (no boots)
Stlth    ++........             (no amulet)
HPRegen  0.11/turn              (no ring)
MPRegen  0.08/turn              (no ring)

@: no status effects
A: high mp 1
a: no special abilities


You were on level 3 of the Dungeon.
You were not hungry.

You visited 1 branch of the dungeon, and saw 3 of its levels.

You collected 113 gold pieces.

Inventory:

Hand Weapons
 e - a +0 spear
 n - a +1 antimagic rapier (weapon)
Missiles
 b - 36 stones (quivered)
Armour
 c - a +0 robe (worn)
Jewellery
 f - a cursed -4 ring of protection {unknown}
Scrolls
 a - 2 scrolls of identify {unknown}
 k - a scroll of enchant weapon {unknown}
 m - a scroll of teleportation {unknown}
 o - 2 scrolls of remove curse {unknown}
Potions
 g - 2 potions of degeneration {unknown}
 h - a potion of might {unknown}
 i - a potion of curing {unknown}
 j - a potion of agility {unknown}
 l - a potion of haste {unknown}
Comestibles
 d - 3 rations


   Skills:
 + Level 1.3 Fighting
 + Level 2.4 Dodging
 - Level 1.7 Stealth
 + Level 2.3 Spellcasting
   Level 0.8 Transmutations
 * Level 3.6 Earth Magic


You had 6 spell levels left.
You knew the following spells:

 Your Spells              Type           Power        Failure   Level  Hunger
a - Sandblast             Erth           ###...       3%          1    #......

Your spell library contained the following spells:

 Spells                   Type           Power        Failure   Level  Hunger
 Passwall                 Tmut/Erth      ##......     9%          2    ##.....
 Stone Arrow              Conj/Erth      #.....       21%         3    ###....
 Petrify                  Tmut/Erth      ##......     50%         4    #####..
 Lee's Rapid Deconstruct  Erth           ###.......   65%         5    ######.


Dungeon Overview and Level Annotations

Branches:
Dungeon (3/15)


Innate Abilities, Weirdness & Mutations

You have an increased reservoir of magic. (+10% MP)


Message History

You are too injured to fight recklessly!
You are too injured to fight recklessly!
You are too injured to fight recklessly!
You are too injured to fight recklessly!
You are too injured to fight recklessly!
You are too injured to fight recklessly!
You are too injured to fight recklessly!
You are too injured to fight recklessly!
You are too injured to fight recklessly!
You are too injured to fight recklessly!
Unknown command.
The orc wizard gestures at you while chanting.
The puff of frost hits you.
* * * LOW HITPOINT WARNING * * *
The orc wizard casts a spell.
The orc wizard flickers and vanishes!
Deactivating autopickup; reactivate with Ctrl-A.
There is a stone staircase leading up here.
The orc hits you with a +0 mace.
You die...

# ###.#
....#
########o.#
#...@o{o..#
#.######.##
.# .# .# .#
.# .#


You could see an orc wizard and 2 orcs.

Vanquished Creatures
  A gnoll (D:1)
  An adder (D:2)
  2 worms (D:2)
  3 dart slugs
  5 leopard geckos
  A ball python (D:1)
  6 bats
  2 giant cockroaches (D:2)
  4 goblins
  5 hobgoblins
  3 jackals
  6 frilled lizards
  9 kobolds
  2 rats (D:1)
50 creatures vanquished.

Notes
Turn   | Place    | Note
-------+----------+-------------------------------------------
     0 | D:1      | Johnny the Demigod Earth Elementalist began the quest for
                  | the Orb.
     0 | D:1      | Reached XP level 1. HP: 14/14 MP: 5/5
   288 | D:1      | Reached XP level 2. HP: 22/22 MP: 7/7
   311 | D:1      | Reached skill level 3 in Earth Magic
   529 | D:1      | Reached XP level 3. HP: 22/27 MP: 3/8
   628 | D:2      | Reached skill level 1 in Fighting
   934 | D:2      | Found an ornate altar of the Wu Jian Council.
  1588 | D:2      | Reached XP level 4. HP: 35/35 MP: 3/10
  1598 | D:2      | Found a shimmering altar of Xom.
  1684 | D:2      | Found a shimmering blue altar of Sif Muna.
  1884 | D:3      | Slain by an orc

Levels and vault maps discovered:
D:1:      psy_arrival_spokes, layout_basic, st_stairs_1,
          minmay_misc_feat_encased
D:2:      layout_loops_ring, xom_teletrap_fun, lemuel_crystal_altar,
          corexii_hall_statues_i, lemuel_blue_sif_altar
D:3:      layout_loops_ring, uniq_sigmund

Skill      XL: |  1  2  3 |
---------------+----------+-----
Dodging        | 2 |  2.4
Earth Magic    | 3 |  3.6
Spellcasting   | 2 |  2.3
Fighting       | 1 |  1.3
Stealth        | |  1.7
Transmutations | |  0.8

Action                   |  1- 3 |  4- 6 || total
-------------------------+-------+-------++-------
Melee: Spear             |    78 |       ||    78
       Unarmed           |     2 |       ||     2
       Rapier            |     5 |    12 ||    17
 Cast: Sandblast         |    36 |       ||    36
 Stab: Sleeping          |     5 |     1 ||     6
  Eat: Chunk             |     2 |     1 ||     3
Armor: Robe              |    16 |     3 ||    19
Dodge: Dodged            |    66 |    10 ||    76

Table legend:
 A = Non-vault XP
 B = Vault XP
 C = Vault XP percentage of total XP
 D = Non-vault monster count
 E = Vault monster count
 F = Vault count percentage of total count
                 A         B        C        D         E       F
            +---------+---------+-------+---------+---------+-------
      Total |     116 |       6 |   4.9 |      47 |       3 |   6.0
            +---------+---------+-------+---------+---------+-------
        D:1 |      44 |       6 |  12.0 |      19 |       3 |  13.6
        D:2 |      72 |       0 |   0.0 |      28 |       0 |   0.0
            +---------+---------+-------+---------+---------+-------
